 Dungeon Crawl Stone Soup version 0.20-a0-1122-gb7cbeb9 (webtiles) character file.

17198 theclanless the Pandemonic (level 12, -9/62 HPs)
             Began as a Vine Stalker Fighter on May 12, 2017.
             Was a High Priest of Makhleb.
             Mangled by a sun demon (18 damage)
             ... summoned by an orc high priest
             ... on level 2 of the Orcish Mines.
             The game lasted 00:52:13 (9630 turns).

theclanless the Pandemonic (Vine Stalker Fighter)   Turns: 9630, Time: 00:52:13

Health: -9/62      AC: 19    Str: 24    XL:     12   Next: 45%
Magic:  0/30       EV: 14    Int:  8    God:    Makhleb [*****.]
Gold:   1421       SH: 11    Dex: 16    Spells: 14/14 levels left

rFire    + . .     SeeInvis .   a - +2 dagger (speed)
rCold    + + .     Gourm    .   c - +0 shield
rNeg     . . .     Faith    .   k - +7 ring mail "Xeseheg" {rC++ MR-}
rPois    .         Spirit   +   h - +1 helmet
rElec    .         Reflect  .   j - scarf {cloud immunity}
rCorr    .         Harm     .   H - +2 pair of gloves
MR       +....                  s - +0 pair of boots
Stlth    ++++......             (no amulet)
Regen    1.0/turn               F - ring of magical power
MPRegen  0.3/turn               r - ring of protection from magic

@: about to teleport, hasted, drained, very quick
A: fangs 3, thin skeletal structure 1, fire resistance 1, high mp 1,
regeneration 2, magic shield, antimagic bite, no potion heal 3, rot immunity,
sturdy frame 1
a: Minor Destruction, Lesser Servant of Makhleb, Major Destruction, Greater
Servant of Makhleb, Renounce Religion


You were on level 2 of the Orcish Mines.
You worshipped Makhleb.
Makhleb was extremely pleased with you.
You were not hungry.

You visited 4 branches of the dungeon, and saw 14 of its levels.

You collected 1541 gold pieces.
You spent 120 gold pieces at shops.

Inventory:

Hand Weapons
 a - a +2 dagger of speed (weapon)
 b - a +1 dagger of draining
 m - a +1 scimitar of flaming
 p - a +0 dagger of venom
 w - a +0 hunting sling
 A - a +0 arbalest
 E - a cursed -2 dagger
 G - a +0 dagger of protection
Missiles
 o - 371 stones (quivered)
 C - 15 tomahawks
 L - 345 bolts
 U - 26 sling bullets
Armour
 c - a +0 shield (worn)
 d - the +4 robe "Nyuklaoq" {+Fly}
   (You found it on level 6 of the Dungeon)

   It lets you fly.
 h - a +1 helmet (worn)
 j - a scarf of cloud immunity (worn)
 k - the +7 ring mail "Xeseheg" (worn) {rC++ MR-}
   (You found it on level 9 of the Dungeon)

   It greatly protects you from cold.
   It affects your resistance to hostile enchantments.
 s - a +0 pair of boots (worn)
 t - a +0 plate armour of fire resistance
 B - a +0 troll leather armour
 H - a +2 pair of gloves (worn)
 M - a +1 plate armour of magic resistance
 R - a +1 chain mail of cold resistance
Jewellery
 l - an uncursed ring of positive energy
 r - a ring of protection from magic (right hand)
 F - a ring of magical power (left hand)
 W - an uncursed ring of magical power
Wands
 e - a wand of acid (5/15)
 g - a wand of polymorph (5/24)
 q - a wand of disintegration (10/24)
 O - a wand of random effects (18/48)
 P - a wand of flame (28/48)
 Q - a wand of random effects (29/48)
 X - a wand of confusion (20/48)
Scrolls
 i - 5 scrolls of teleportation
 y - 5 scrolls of fear
 z - 2 scrolls of fog
 J - 3 scrolls of magic mapping
 K - 2 scrolls of remove curse
 T - 2 scrolls of identify
 Z - a scroll of blinking
Potions
 n - a potion of resistance
 u - a potion of brilliance
 v - 3 potions of mutation
 D - 2 potions of curing
 I - a potion of flight
 N - a potion of haste
 V - 4 potions of cancellation
Comestibles
 f - 10 bread rations
 x - 6 chunks of flesh


   Skills:
 + Level 6.4(5.9) Fighting
 * Level 8.6(8.1) Short Blades
 + Level 5.9(5.4) Armour
 + Level 6.5(6.0) Dodging
 + Level 8.5(8.0) Stealth
 * Level 7.3(6.8) Shields
 - Level 1.7(1.2) Spellcasting
 * Level 8.8(8.3) Invocations


You had 14 spell levels left.
You didn't know any spells.

Dungeon Overview and Level Annotations

Branches:
Dungeon (10/15)            Temple (1/1) D:5            Lair (1/6) D:8
    Orc (2/2) D:9             Elf (0/3) Orc:2

Altars:
Ashenzari
Cheibriados
Dithmenos
Elyvilon
Fedhas
Gozag
Hepliaklqana
Kikubaaqudgha
Makhleb
Nemelex Xobeh
Okawaru
Qazlal
Ru
Sif Muna
Trog
Uskayaw
Vehumet
Wu Jian
Xom
Yredelemnul
Zin
The Shining One

Shops:
D:5 }   Orc:1 !   Orc:2 }*::


Innate Abilities, Weirdness & Mutations

You have razor-sharp teeth.
You heal very quickly.
When hurt, damage is shared between your health and your magic reserves.
Your bite disrupts and absorbs the magic of your enemies.
Potions cannot restore your health.
You are immune to rotting.
You have a somewhat thin skeletal structure. (Dex +2, Stealth)
Your flesh is heat resistant. (rF+)
You have an increased reservoir of magic. (+10% MP)
Your movements are slightly less encumbered by armour. (ER -2)


Message History

The orc sorcerer points at you and mumbles some strange words.
The bolt of negative energy misses the sun demon.
The bolt of negative energy hits you!
You feel drained. The sun demon hits you.
You are engulfed in flames.
You resist.
* * * LOW HITPOINT WARNING * * *
You block the red devil's attack. The sun demon hits you.
* * * LOW HITPOINT WARNING * * *
You are engulfed in flames.
You resist.
* * * LOW HITPOINT WARNING * * *
The orc high priest hits you but does no damage.
The ynoxinul gestures.
The orc sorcerer howls an incantation.
The orc sorcerer shimmers violently.
The orc sorcerer gestures at you while chanting.
The bolt of negative energy hits the sun demon.
The sun demon completely resists.
The bolt of negative energy misses you.
You feel yourself speed up.
The sun demon hits you but does no damage.
The sun demon hits you!!
You die...

,,,......o.o.####................
8,,o.8o.8..8..8##................
8,,.o..o....4..)#................
,,,o......o4...))................
8,,..$........))#5...............
8,,o.8.o8..8..8##o35.............
,,,........).####4o5.............
#################33..((..........
................@3...((..........
................†................
#...................(............
#.................((.............
.#...............(...............
..........)......()).............
.................).).............
...............##))##..##...###..
..............##.)))......≈≈# #≈≈


You could see an orc high priest, 3 sun demons, a ynoxinul, an orc sorcerer, a
red devil and 3 ufetubi.

Vanquished Creatures
  2 centaur warriors (Orc:2)
  Erica (D:8)
  2 two-headed ogres
  An orc high priest (Orc:2)
  2 orc knights (Orc:2)
  2 orc sorcerers (Orc:2)
  Psyche (D:9)
  Joseph (D:7)
  A spiny frog (Lair:1)
  3 trolls (Orc:2)
  The ghost of bande the Chopper, an amateur MiFi (D:3)
  A merfolk (D:10)
  2 hippogriffs (D:7)
  A wyvern (D:9)
  A water elemental (Orc:2)
  A yak (D:8)
  4 wargs (Orc:2)
  A soldier ant (D:10)
  4 porcupines
  3 black bears (D:8)
  3 sky beasts
  3 phantoms
  38 orc warriors
  2 wolves (Lair:1)
  6 ogres
  8 centaurs
  3 crocodiles
  5 bullfrogs
  2 scorpions
  2 water moccasin skeletons (D:7)
  4 killer bees (D:8)
  6 howler monkeys
  8 crimson imps
  2 quasits
  A bullfrog zombie (D:9)
  6 hounds
  4 orc priests
  A bullfrog skeleton (D:5)
  3 centaur skeletons
  A gnoll shaman (D:6)
  13 orc wizards
  Jessica (D:3)
  7 worker ants
  2 iguanas
  2 worker ant zombies
  11 gnolls
  10 adders
  2 shadow imps
  2 oozes
  2 adder skeletons (D:5)
  5 worms
  6 leopard geckos
  60 orcs
  2 ball pythons
  5 giant cockroaches
  9 goblins
  8 hobgoblins
  7 jackals
  6 kobolds
  3 quokkas
  5 bats
  6 frilled lizards
  A jackal zombie (D:7)
  A leopard gecko skeleton (D:4)
  A leopard gecko zombie (D:6)
  5 rats
325 creatures vanquished.

Vanquished Creatures (collateral kills)
  An orc warrior (Orc:2)
1 creature vanquished.

Vanquished Creatures (others)
  3 orc warriors (Orc:2)
  3 centaurs (Orc:2)
  An orc wizard (Orc:2)
  4 orcs (Orc:2)
  9 fungi (D:8)
  2 plants (D:8)
22 creatures vanquished.

Grand Total: 348 creatures vanquished

Notes
Turn   | Place    | Note
-------+----------+-------------------------------------------
     0 | D:1      | theclanless the Vine Stalker Fighter began the quest for the Orb.
     0 | D:1      | Reached XP level 1. HP: 11/11 MP: 2/2
   149 | D:1      | Reached XP level 2. HP: 9/16 MP: 3/3
   158 | D:1      | Reached skill level 1 in Stealth
   311 | D:1      | Reached XP level 3. HP: 15/19 MP: 4/4
  1041 | D:2      | Gained mutation: Your natural rate of healing is unusually fast. [Vine Stalker growth]
  1041 | D:2      | Reached XP level 4. HP: 22/23 MP: 5/5
  1207 | D:3      | Noticed bande's ghost (amateur MiFi)
  1232 | D:3      | Killed bande's ghost
  1232 | D:3      | Reached skill level 1 in Dodging
  1232 | D:3      | Reached skill level 1 in Spellcasting
  1232 | D:3      | Reached XP level 5. HP: 24/28 MP: 5/8
  1232 | D:3      | Reached XP level 6. HP: 27/32 MP: 5/9
  1344 | D:3      | Noticed Jessica
  1355 | D:3      | Killed Jessica
  1510 | D:3      | Found a deep blue altar of Sif Muna.
  1510 | D:3      | Found a radiant altar of Vehumet.
  1510 | D:3      | Found a burning altar of Makhleb.
  1510 | D:3      | Found an iron altar of Okawaru.
  1528 | D:3      | Found a hide-covered altar of Uskayaw.
  1528 | D:3      | Found a basalt altar of Yredelemnul.
  1546 | D:3      | Became a worshipper of Makhleb the Destroyer
  1717 | D:4      | Noticed a phantom
  1761 | D:4      | Killed a phantom
  1761 | D:4      | Reached skill level 1 in Invocations
  1761 | D:4      | Reached XP level 7. HP: 36/36 MP: 10/10
  2152 | D:5      | Entered Level 5 of the Dungeon
  2251 | D:5      | Gained mutation: You have razor-sharp teeth. [Vine Stalker growth]
  2251 | D:5      | Reached XP level 8. HP: 33/42 MP: 11/11
  2625 | D:5      | Found Zojaehes's Gadget Emporium.
  2637 | D:5      | Reached * piety under Makhleb
  2809 | D:5      | Found a staircase to the Ecumenical Temple.
  2814 | Temple   | Entered the Ecumenical Temple
  3257 | D:6      | Got a silken robe
  3332 | D:5      | Identified the +4 robe "Nyuklaoq" {+Fly} (You found it on level 6 of the Dungeon)
  4069 | D:6      | Found an ornate altar of the Wu Jian Council.
  4193 | D:6      | Reached XP level 9. HP: 45/45 MP: 13/13
  4358 | D:7      | Reached skill level 5 in Short Blades
  4494 | D:7      | Reached ** piety under Makhleb
  4494 | D:7      | Reached skill level 5 in Stealth
  4498 | D:7      | Noticed Joseph
  4518 | D:7      | Killed Joseph
  4589 | D:7      | Reached skill level 5 in Invocations
  4755 | D:7      | Found a sacrificial altar of Ru.
  4775 | D:7      | Found a shadowy altar of Dithmenos.
  5146 | D:8      | Noticed Erica
  5179 | D:8      | Killed Erica
  5179 | D:8      | Reached skill level 5 in Fighting
  5179 | D:8      | Reached XP level 10. HP: 51/51 MP: 15/15
  5186 | D:8      | Reached skill level 5 in Dodging
  5199 | D:8      | Reached skill level 5 in Shields
  5271 | D:8      | Found a staircase to the Lair.
  5305 | D:8      | Found a bloodstained altar of Trog.
  5560 | D:8      | Found a burning altar of Makhleb.
  5717 | D:8      | Reached *** piety under Makhleb
  5725 | D:8      | Found a hazy altar of Hepliaklqana.
  5768 | D:7      | Found a snail-covered altar of Cheibriados.
  5862 | D:9      | Got a heavily runed ring mail
  5873 | D:9      | Identified the +7 ring mail "Xeseheg" {rC++ MR-} (You found it on level 9 of the Dungeon)
  5952 | D:9      | Noticed a two-headed ogre
  5972 | D:9      | Killed a two-headed ogre
  6066 | D:9      | Found a staircase to the Orcish Mines.
  6235 | D:9      | Reached XP level 11. HP: 56/56 MP: 17/17
  6252 | D:9      | Found an ancient bone altar of Kikubaaqudgha.
  6255 | D:9      | Found a shattered altar of Ashenzari.
  6255 | D:9      | Found a bloodstained altar of Trog.
  6264 | D:9      | Found an ornate altar of the Wu Jian Council.
  6264 | D:9      | Found a basalt altar of Yredelemnul.
  6264 | D:9      | Found a shimmering altar of Xom.
  6335 | D:9      | Noticed Psyche
  6338 | D:9      | Killed Psyche
  6374 | D:9      | Gained mutation: Scrolls take you a little longer to read. [mutagenic meat]
  6375 | D:9      | Gained mutation: You are partially covered in molten scales. (AC +2) [mutagenic meat]
  6376 | D:9      | Lost mutation: Scrolls take you a little longer to read. [mutagenic meat]
  6377 | D:9      | Gained mutation: You are frail. (-10% HP) [mutagenic meat]
  6514 | D:9      | Lost mutation: You are frail. (-10% HP) [potion of mutation]
  6514 | D:9      | Lost mutation: You are partially covered in molten scales. (AC +2) [potion of mutation]
  6514 | D:9      | Gained mutation: You are frail. (-10% HP) [potion of mutation]
  6514 | D:9      | Gained mutation: You occasionally shout uncontrollably at your foes. [potion of mutation]
  6514 | D:9      | Gained mutation: You have a somewhat thin skeletal structure. (Dex +2, Stealth) [potion of mutation]
  6515 | D:9      | Lost mutation: You occasionally shout uncontrollably at your foes. [potion of mutation]
  6515 | D:9      | Lost mutation: You are frail. (-10% HP) [potion of mutation]
  6515 | D:9      | Gained mutation: You have an increased reservoir of magic. (+10% MP) [potion of mutation]
  6515 | D:9      | Gained mutation: Your movements are slightly less encumbered by armour. (ER -2) [potion of mutation]
  6515 | D:9      | Gained mutation: Your flesh is heat resistant. (rF+) [potion of mutation]
  6562 | D:10     | Entered Level 10 of the Dungeon
  6726 | D:10     | Noticed a two-headed ogre
  6737 | D:10     | Killed a two-headed ogre
  6737 | D:10     | Reached skill level 5 in Armour
  6946 | Lair:1   | Entered Level 1 of the Lair of Beasts
  7119 | Lair:1   | Found a burning altar of Makhleb.
  7719 | Orc:1    | Entered Level 1 of the Orcish Mines
  7925 | Orc:2    | Entered Level 2 of the Orcish Mines
  8114 | Orc:2    | Noticed an orc sorcerer
  8131 | Orc:2    | Killed an orc sorcerer
  8145 | Orc:1    | Noticed an orc sorcerer
  8156 | Orc:2    | Killed an orc sorcerer
  8156 | Orc:2    | Reached **** piety under Makhleb
  8278 | Orc:1    | Found Xadypse's Distillery.
  8366 | Orc:1    | Bought a potion of invisibility for 120 gold pieces
  8706 | Orc:2    | Found a runed door.
  8730 | Orc:2    | Noticed an orc knight
  8754 | Orc:2    | Noticed an orc knight
  8771 | Orc:2    | Killed an orc knight
  8789 | Orc:2    | Killed an orc knight
  8789 | Orc:2    | Gained mutation: You heal very quickly. [Vine Stalker growth]
  8789 | Orc:2    | Reached XP level 12. HP: 56/61 MP: 20/20
  8792 | Orc:2    | Reached ***** piety under Makhleb
  8814 | Orc:2    | Found Joej's Book Boutique.
  8814 | Orc:2    | Found Diul's General Store.
  8816 | Orc:2    | Found Zownar's Gadget Emporium.
  8818 | Orc:2    | Found Boneffeh's Book Shop.
  8824 | Orc:2    | Noticed a centaur warrior
  8826 | Orc:2    | Noticed a centaur warrior
  8848 | Orc:2    | Killed a centaur warrior
  8855 | Orc:2    | Killed a centaur warrior
  9073 | Orc:2    | Found a staircase to the Elven Halls.
  9169 | Orc:2    | Noticed an orc high priest
  9189 | Orc:2    | Killed an orc high priest
  9565 | Orc:2    | Noticed an orc high priest
  9617 | Orc:2    | Noticed a sun demon
  9617 | Orc:2    | Noticed a sun demon
  9624 | Orc:2    | Noticed a sun demon
  9630 | Orc:2    | Mangled by a sun demon

Vault maps used:
D:1:      dpeg_arrival_rooms_a
D:3:      minmay_overflow_temple_hex, minmay_surrounded, uniq_jessica
D:4:      first_bread, serial_bayou_pond_a
D:5:      temple_doors_cd, serial_shops, nicolae_shop_window_shopping,
          hangedman_abyss_or_decor_passed, minmay_misc_feat_cross,
          kennysheep_generic_room_15
D:6:      lemuel_coloured_pillars_altar
D:7:      nicolae_overflow_hidden_temple, kennysheep_little_box,
          grunt_dithmenos_shadows, uniq_joseph
D:8:      nicolae_overflow_crystal_walls, due_lair_maze_entry_diamond,
          basic_altar, trog_ov_bears_minmay, uniq_erica
D:9:      doesnt_xom_only_xom, david_orc_2, uniq_psyche
D:10:     hangedman_fish_farm
Temple:   eino_wide_crystal_templ
Lair:1:   basic_altar, minmay_holes
Orc:1:    serial_shops, shop
Orc:2:    st_orc_rangers, lightli_church_of_beogh

Skill      XL: |  1  2  3  4  5  6  7  8  9 10 11 12 |
---------------+-------------------------------------+-----
Short Blades   | 2 3 4 6 7 8 |  8.6
Stealth        | 1 2 3 4 5 6 8 |  8.5
Shields        | 3 4 5 6 7 |  7.3
Fighting       | 3 4 5 6 |  6.4
Dodging        | 1 2 3 4 5 6 |  6.5
Spellcasting   | 1 |  1.7
Armour         | 3 4 5 |  5.9
Invocations    | 1 2 4 5 6 8 |  8.8

Action                   |  1- 3 |  4- 6 |  7- 9 | 10-12 || total
-------------------------+-------+-------+-------+-------++-------
Melee: Rapier            |    75 |       |       |       ||    75
       Bite              |    27 |    40 |   162 |   402 ||   631
       Dagger            |    36 |   121 |   427 |   939 ||  1523
Invok: Minor Destruction |       |       |       |     9 ||     9
       Lesser Servant of |       |       |       |     1 ||     1
  Use: Scroll            |     8 |     3 |     4 |     9 ||    24
       Potion            |       |     1 |     7 |     6 ||    14
 Stab: Sleeping          |       |     2 |     8 |    11 ||    21
       Invisible         |       |       |       |    23 ||    23
       Distracted        |       |       |       |     1 ||     1
  Eat: Chunk             |     1 |     2 |    11 |    19 ||    33
Armor: Scale mail        |    36 |       |       |       ||    36
       Ring mail         |    12 |    35 |    44 |   180 ||   271
       Robe              |       |       |    62 |    34 ||    96
Dodge: Dodged            |    27 |    30 |   115 |   397 ||   569
Block: Shield            |    55 |    52 |   139 |   458 ||   704
